Map: Cerulean Fall LE

Players

Serral - Winner!

  • Race: Terran Terran
  • League: Master
  • Spawn Location: 7:00

Mixu

  • Race: Zerg Zerg
  • League: Master
  • Spawn Location: 1:00

VOD

Have the link to the VOD?

Description

Time

  • Played on: Dec. 4, 2018, 11:37 a.m.
  • Length: 11:51
Show
View Real Time Build Order
Export as new Build Order

Serral Terran - Winner!

Build Orders: Reaper Expand 

Get SALT Encoding   

  12  0:00  SCV  
  13  0:12  SCV  
  14  0:19  Supply Depot  
  14  0:24  SCV  
  15  0:41  SCV  
  16  0:44  Barracks  
  16  0:46  Refinery  
  16  0:53  SCV  
  17  1:05  SCV  
  18  1:17  SCV  
  19  1:31  Reaper, Orbital Command  
  20  1:39  Command Center  
  20  1:50  Supply Depot  
  20  1:57  SCV  
  21  2:04  Barracks Reactor  
  21  2:05  Refinery  
  21  2:09  SCV  
  22  2:21  SCV  
  23  2:23  Factory  
  23  2:33  SCV  
  24  2:41  Marine x2  
  26  2:45  SCV  
  27  2:53  Orbital Command  
  27  2:57  SCV  
  28  2:59  Marine x2  
  30  3:08  Starport  
  30  3:09  SCV, Widow Mine  
  33  3:17  Marine x2  
  35  3:21  SCV  
  35  3:23  SCV  
  37  3:30  Widow Mine  
  37  3:33  SCV  
  39  3:35  Marine x2, SCV  
  39  3:36  Supply Depot  
  42  3:44  Medivac  
  42  3:46  SCV  
  42  3:47  SCV  
  46  4:01  SCV, Command Center  
  46  4:02  SCV  
  48  4:07  Hellion x2  
  52  4:13  Supply Depot, SCV  
  52  4:14  SCV  
  54  4:17  Liberator  
  54  4:23  Barracks Tech Lab  
  54  4:24  Armory  
  54  4:34  SCV  
  54  4:35  Hellion x2  
  54  4:37  Supply Depot  
  62  4:42  Supply Depot  
  62  4:44  Stimpack  
  62  4:58  Marine, SCV  
  64  5:03  SCV  
  64  5:04  Hellion x2  
  69  5:10  SCV  
  70  5:14  Orbital Command  
  70  5:15  SCV  
  70  5:21  Starport Reactor  
  67  5:22  SCV  
  67  5:23  Barracks  
  67  5:24  Barracks  
  67  5:25  Engineering Bay  
  67  5:26  Engineering Bay  
  68  5:33  Factory Tech Lab  
  68  5:34  SCV  
  68  5:35  SCV  
  70  5:37  Marine  
  70  5:38  Refinery x2  
  70  5:41  Supply Depot  
  71  5:49  SCV x2  
  73  5:54  Terran Infantry Armor Level 1, Terran Infantry Weapons Level 1, Marine  
  74  5:59  Siege Tank  
  74  6:03  SCV  
  72  6:09  SCV x2  
  73  6:13  Barracks  
  73  6:15  Barracks  
  73  6:16  Supply Depot  
  73  6:17  Supply Depot  
  67  6:20  Marine x2  
  67  6:21  Marine  
  67  6:24  Starport Reactor  
  66  6:26  Marine x2  
  66  6:28  SCV x3  
  66  6:31  Siege Tank  
  69  6:38  Marine x3  
  69  6:39  Terran Vehicle And Ship Armor Level 1  
  72  6:44  Marine x2  
  72  6:45  Orbital Command, Combat Shield  
  74  6:50  SCV  
  74  6:51  SCV  
  76  6:56  Marine  
  76  6:57  Supply Depot  
  76  6:58  Supply Depot  
  76  7:00  Medivac x2  
  81  7:03  Barracks Reactor  
  81  7:04  Barracks Reactor  
  81  7:07  Supply Depot  
  81  7:09  SCV  
  81  7:12  SCV  
  81  7:13  SCV  
  81  7:14  Factory Reactor  
  84  7:17  Marine  
  84  7:18  Supply Depot  
  84  7:19  Marine x2  
  87  7:23  Marine x2  
  87  7:24  SCV  
  90  7:34  Supply Depot  
  90  7:35  Marine  
  91  7:37  Marine x2  
  91  7:38  Factory  
  91  7:39  Refinery, Medivac  
  91  7:41  Marine  
  91  7:42  Supply Depot  
  91  7:43  Marine x3  
  99  7:46  SCV x3  
  102  7:51  Terran Infantry Weapons Level 2  
  102  7:55  Terran Infantry Armor Level 2  
  102  7:56  Marine x2  
  102  7:57  Marine x2  
  106  8:04  Supply Depot, Widow Mine x2  
  110  8:06  SCV x3  
  110  8:11  Marine x2  
  115  8:19  Marine x2  
  117  8:24  Marine x2  
  117  8:25  SCV x3  
  117  8:26  Widow Mine x2  
  126  8:28  Supply Depot  
  126  8:29  Marine x2, Command Center  
  126  8:32  Marine x2  
  126  8:33  Marine  
  131  8:36  Marine, Drilling Claws  
  131  8:37  Widow Mine  
  134  8:41  Medivac x2  
  134  8:47  Widow Mine  
  137  8:48  Marine  
  137  8:49  Marine  
  137  8:53  Marine  
  137  8:55  Widow Mine  
  142  8:59  Supply Depot, Widow Mine  
  142  9:01  Terran Vehicle And Ship Armor Level 2  
  144  9:08  Widow Mine  
  146  9:10  Marine x2  
  146  9:11  Medivac x2, Marine x4  
  158  9:17  Widow Mine  
  158  9:19  Marine x2  
  158  9:20  Marine, Widow Mine  
  163  9:28  Marine x2  
  163  9:29  Marine x3  
  163  9:30  Widow Mine  
  170  9:31  Supply Depot  
  172  9:38  Widow Mine  
  172  9:41  Medivac x2  
  172  9:42  Widow Mine  
  172  9:44  Marine x2  
  174  9:51  Widow Mine  
  174  9:52  Marine x3  
  171  9:56  Marine  
  175  10:00  Widow Mine  
  175  10:03  Widow Mine  
  176  10:08  Marine  
  176  10:09  Marine x3, Marauder  
  176  10:10  Marine  
  176  10:11  Medivac x2  
  176  10:12  Widow Mine  
  182  10:14  Barracks  
  182  10:15  Barracks  
  180  10:25  SCV x3  
  180  10:28  Planetary Fortress  
  174  10:30  Marauder  
  174  10:34  Marine  
  158  10:36  Widow Mine x3  
  158  10:41  Medivac x2, Marine x5  
  158  10:42  Marine  
  173  10:45  Marine  
  175  10:51  Marine, Marauder  
  173  10:57  Widow Mine  
  173  10:58  Marine, Widow Mine  
  173  10:59  Marine  
  175  11:08  Barracks Tech Lab x2  
  175  11:10  SCV x4  
  175  11:11  Marine x3  
  180  11:12  Widow Mine  
  180  11:13  Marauder  
  180  11:18  Command Center  
  181  11:19  Widow Mine  
Show
View Real Time Build Order
Export as new Build Order

Mixu Zerg 

Build Orders: Hatch First 

Get SALT Encoding   

  12  0:00  Drone  
  13  0:13  Overlord  
  13  0:17  Drone  
  14  0:31  Drone x2  
  16  0:49  Hatchery  
  15  0:51  Drone  
  15  0:55  Drone  
  17  1:00  Drone  
  18  1:09  Extractor  
  17  1:15  Spawning Pool  
  17  1:18  Drone  
  17  1:21  Drone  
  18  1:29  Drone  
  19  1:40  Overlord  
  19  1:50  Drone  
  20  2:01  Queen  
  20  2:02  Queen, Zergling x2  
  20  2:03  Zergling x2  
  26  2:10  Metabolic Boost  
  26  2:27  Hatchery  
  26  2:29  Drone  
  26  2:32  Drone  
  26  2:35  Drone  
  28  2:39  Drone  
  29  2:45  Drone x2  
  31  2:52  Queen  
  31  2:57  Overlord  
  33  2:59  Drone  
  33  3:03  Drone  
  35  3:05  Drone  
  35  3:09  Overlord  
  36  3:20  Drone x2  
  36  3:25  Drone x3  
  41  3:32  Overlord  
  41  3:33  Queen  
  43  3:36  Overlord  
  43  3:38  Drone  
  44  3:42  Drone  
  44  3:43  Drone x2  
  44  3:47  Queen  
  49  3:49  Drone  
  49  3:52  Drone x2  
  49  3:55  Drone  
  53  4:00  Drone x3  
  54  4:03  Drone x2  
  54  4:07  Extractor  
  55  4:10  Baneling Nest  
  55  4:13  Evolution Chamber  
  55  4:14  Lair  
  55  4:15  Zergling x4  
  56  4:21  Queen  
  56  4:22  Drone  
  59  4:27  Drone x3  
  59  4:30  Drone  
  59  4:31  Drone x2  
  65  4:34  Drone  
  65  4:37  Overlord  
  66  4:47  Zerg Ground Armor Level 1  
  66  4:54  Queen  
  66  4:58  Zergling x6  
  66  4:59  Zergling x8  
  73  5:00  Zergling x4  
  73  5:08  Drone  
  74  5:18  Overlord  
  74  5:25  Evolution Chamber  
  74  5:26  Baneling Nest, Extractor  
  74  5:27  Drone x3  
  74  5:28  Hatchery  
  73  5:32  Drone, Overlord  
  74  5:37  Drone x6  
  74  5:38  Spore Crawler  
  74  5:42  Drone  
  80  5:47  Queen  
  82  5:50  Overlord x2  
  82  5:51  Hydralisk Den  
  82  5:55  Zergling x2  
  82  5:56  Zergling x6  
  85  6:03  Zergling x12  
  86  6:07  Zergling x6  
  77  6:18  Drone x3  
  74  6:27  Drone  
  75  6:32  Centrifical Hooks  
  75  6:34  Drone, Zerg Melee Weapons Level 1  
  75  6:35  Queen  
  75  6:37  Extractor  
  75  6:38  Drone x3  
  80  6:43  Queen  
  80  6:44  Drone x4  
  80  6:46  Extractor  
  85  6:49  Drone  
  85  6:51  Queen  
  85  6:54  Drone x3  
  91  7:00  Drone x4  
  95  7:06  Drone x2  
  95  7:07  Overlord  
  97  7:08  Drone x2  
  97  7:09  Drone  
  97  7:12  Queen  
  97  7:14  Zerg Ground Armor Level 2  
  102  7:17  Drone x2  
  102  7:27  Drone, Queen  
  102  7:28  Drone  
  106  7:33  Zergling x20  
  106  7:37  Muscular Augments  
  116  7:41  Zergling x10, Hatchery  
  120  7:44  Extractor  
  119  7:51  Queen, Hatchery  
  119  7:54  Baneling x10  
  119  7:56  Baneling x3  
  120  8:03  Overlord x3  
  120  8:06  Overlord  
  115  8:16  Baneling x2  
  115  8:17  Overlord x3, Baneling x3  
  111  8:23  Zergling x18  
  111  8:24  Zergling x14  
  122  8:27  Queen  
  122  8:33  Drone  
  122  8:34  Drone x2  
  123  8:35  Queen  
  123  8:36  Zergling x2  
  123  8:39  Spore Crawler  
  123  8:40  Zergling x2  
  126  8:44  Zergling x2  
  126  8:45  Zergling x2  
  126  8:46  Queen  
  129  8:49  Zerg Melee Weapons Level 2  
  129  8:54  Zergling x12  
  135  8:56  Pneumatized Carapace  
  135  8:58  Zergling x8  
  135  9:01  Zergling x2  
  140  9:04  Zergling x6  
  140  9:08  Zergling x6  
  144  9:10  Hydralisk  
  144  9:12  Grooved Spines  
  144  9:14  Extractor  
  145  9:17  Infestation Pit  
  145  9:18  Queen  
  145  9:20  Zergling x8  
  148  9:25  Drone x5, Extractor  
  148  9:26  Zergling x2  
  148  9:28  Drone x3  
  156  9:32  Spine Crawler  
  156  9:35  Zergling x6  
  156  9:38  Drone  
  159  9:41  Drone x3  
  146  9:45  Drone x4  
  146  9:48  Drone  
  146  9:50  Drone  
  142  9:53  Hydralisk x5  
  142  9:58  Spawning Pool  
  142  9:59  Zergling x4  
  151  10:03  Hydralisk x3  
  152  10:11  Overlord x3  
  152  10:12  Hydralisk x3  
  145  10:22  Hydralisk x5  
  145  10:26  Hydralisk x5  
  136  10:37  Overseer  
  136  10:40  Drone x6  
  142  10:46  Overseer  
  142  10:48  Zergling x6  
  135  10:52  Zergling x2  
  127  10:58  Zergling x2  
  127  11:03  Zergling x6  
  130  11:09  Overlord, Zergling x4  
  129  11:12  Baneling x2, Zergling x6  
  132  11:18  Zergling x4  
  132  11:19  Zergling x6  
  138  11:26  Zergling x6  
  138  11:29  Zergling x2  
  136  11:33  Zergling x6  
Tags
 
Add a new tag
Caveats
  • Supply blocks, unpowered buildings, or Contaminate may cause inaccurate times.
  • Supply counts are checked every 10 seconds.